 Dungeon Crawl Stone Soup version 0.30.1 (webtiles) character file.

Game seed: 14550916112574540885

763 Graphine the Ducker (level 7, -7/45 (52) HPs)
             Began as a Merfolk Gladiator on July 2, 2023.
             Was a Believer of Nemelex Xobeh.
             Mangled by a wight
             ... wielding a +6 mace
              (9 damage)
             ... on level 4 of the Dungeon.
             The game lasted 00:08:50 (3505 turns).

Graphine the Ducker (Merfolk Gladiator)             Turns: 3505, Time: 00:08:51

HP:   -7/45 (52)    AC:  6    Str: 14    XL:     7   Next: 81%
MP:   9/9           EV: 17    Int:  7    God:    Nemelex Xobeh [**....]
Gold: 252           SH:  0    Dex: 24    Spells: 6/6 levels left

rFire   . . .        a - +0 long sword
rCold   . . .        (no shield)
rNeg    . . .        b - +0 leather armour
rPois   .            c - +1 helmet
rElec   .            l - +0 cloak
rCorr   .            (no gloves)
SInv    .            (no boots)
Will    .....        (no amulet)
Stlth   ++           g - +6 ring of dexterity
HPRegen 0.27/turn    (no ring)
MPRegen 0.11/turn

%: no passive effects
@: heavily drained
A: (nimble swimmer 2), mertail
a: Renounce Religion, Draw Escape, Draw Destruction, Draw Summoning


You were on level 4 of the Dungeon.
You worshipped Nemelex Xobeh.
Nemelex Xobeh was pleased with you.
You visited 1 branch of the dungeon, and saw 6 of its levels.

You collected 252 gold pieces.

Inventory:

Hand Weapons
 a - a +0 long sword (weapon)
 m - a +1 dagger of venom
Missiles
 d - a throwing net (quivered)
Armour
 b - a +0 leather armour (worn)
 c - a +1 helmet (worn)
 l - a +0 cloak (worn)
Jewellery
 g - a +6 ring of dexterity (left hand)
 s - a ring of wizardry
Wands
 n - a wand of polymorph (6)
Scrolls
 o - a scroll of teleportation
 r - a scroll of magic mapping
 t - a scroll of noise {unknown}
 v - a scroll of vulnerability
Potions
 e - a potion of brilliance
 f - a potion of haste
 h - 2 potions of curing
 i - 2 potions of flight
 j - a potion of degeneration {unknown}
 k - 2 potions of mutation {unknown}
 q - a potion of attraction {unknown}


   Skills:
 + Level 3.6 Fighting
 * Level 6.1 Long Blades
 * Level 4.5 Throwing
 * Level 6.6 Dodging
 * Level 3.3 Invocations


You had 6 spell levels left.
You didn't know any spells.
Your spell library was empty.

Dungeon Overview and Level Annotations

Branches:
Dungeon (6/15)
 Temple: D:4-7

Altars:
Gozag
Nemelex Xobeh
Vehumet

Shops:
D:1 (


Innate Abilities, Weirdness & Mutations

((You are very nimble when in or above water. (Stealth+, EV+, Speed+++)))
Your lower body shifts to a powerful aquatic tail in water.


Message History

The wight hits you with a +6 mace!
You feel drained.
Hit: a) +0 long sword
Press: ? - help, Dir - move target, f/p - wight
Aim: a wight, wielding a +6 mace and wearing a +0 robe (moderately damaged, about 33% to evade your +0 long sword)
You hit the wight.
The wight is severely damaged.
The wight hits you with a +6 mace!
* * * LOW HITPOINT WARNING * * *
You feel drained.
* * * LOW HITPOINT WARNING * * *
Hit: a) +0 long sword
Press: ? - help, Dir - move target, f/p - wight
Aim: a wight, wielding a +6 mace and wearing a +0 robe (severely damaged, about 33% to evade your +0 long sword)
You closely miss the wight.
The wight is severely damaged.
The wight hits you with a +6 mace!
* * * LOW HITPOINT WARNING * * *
Okay, then.
Okay, then.
Okay, then.
Hit: a) +0 long sword
Press: ? - help, Dir - move target, f/p - wight
Aim: a wight, wielding a +6 mace and wearing a +0 robe (severely damaged, about 33% to evade your +0 long sword)
You hit the wight but do no damage.
The wight is severely damaged.
The wight barely misses you.
Hit: a) +0 long sword
Press: ? - help, Dir - move target, f/p - wight
Aim: a wight, wielding a +6 mace and wearing a +0 robe (severely damaged, about 33% to evade your +0 long sword)
You closely miss the wight.
The wight is severely damaged.
The wight completely misses you.
Hit: a) +0 long sword
Press: ? - help, Dir - move target, f/p - wight
Aim: a wight, wielding a +6 mace and wearing a +0 robe (severely damaged, about 33% to evade your +0 long sword)
You closely miss the wight. You punch the wight, but do no damage.
The wight is severely damaged.
The wight hits you with a +6 mace!
You die...
Your body glows slightly and disappears.

##........#####.#####z....#
##............##....#.z#..##
###..........###......z###
..# .......#....## ###...###
... ..>...##....## ###.# ...
......#......## #.## .#
........#####.## #.### )
.#####.## ##.####...### .#
##.# #.z@<).<...# .## #.#
#..#..###..... ..# #.###
##.....# ###.. #.#
##..###.......# # #.##
##........####.####.
##.###..####..## #.....
#.#....## ##..## #...# ...
..###..# #....####...# .. ..
##.# ##.#.........## ..


You could see a wight.

Vanquished Creatures
  An ogre (D:4)
  A wight (D:4)
  A hound (D:6)
  Natasha (thrice) (D:3)
  3 gnolls (D:2)
  2 adders (D:2)
  2 worms
  3 dart slugs
  4 orcs
  3 bats
  6 endoplasms
  5 giant cockroaches
  9 goblins
  6 hobgoblins
  7 jackals
  2 quokkas
  5 ball pythons
  5 frilled lizards
  10 kobolds
  4 rats
82 creatures vanquished.

Vanquished Creatures (collateral kills)
  A water moccasin (D:6)
  A kobold brigand (D:6)
  A scorpion (D:6)
  An orc priest (D:6)
  A shadow imp (D:6)
  2 white imps (D:6)
  An ufetubus (D:6)
  5 kobolds (D:6)
13 creatures vanquished.

Grand Total: 95 creatures vanquished

Notes
Turn   | Place    | Note
-------+----------+-------------------------------------------
     0 | D:1      | Graphine the Merfolk Gladiator began the quest for the Orb.
     0 | D:1      | Reached XP level 1. HP: 16/16 MP: 1/1
   218 | D:1      | Reached XP level 2. HP: 17/22 MP: 2/2
   497 | D:1      | Reached XP level 3. HP: 26/28 MP: 3/3
   686 | D:1      | Found Xopykiqidd's Antique Weapon Emporium.
  1171 | D:2      | Reached XP level 4. HP: 25/34 MP: 4/4
  1284 | D:2      | Found a sparkling altar of Nemelex Xobeh.
  1292 | D:2      | Became a worshipper of Nemelex Xobeh the Trickster
  1456 | D:2      | Reached skill level 5 in Dodging
  1921 | D:3      | Noticed Natasha
  1926 | D:3      | Killed Natasha
  1927 | D:3      | Reached XP level 5. HP: 33/39 MP: 5/5
  2073 | D:3      | Reached skill level 1 in Invocations
  2098 | D:3      | Reached * piety under Nemelex Xobeh
  2167 | D:3      | Noticed Natasha
  2175 | D:3      | Killed Natasha
  2245 | D:3      | Received a gift from Nemelex Xobeh
  2249 | D:3      | Found a radiant altar of Vehumet.
  2303 | D:3      | Noticed Natasha
  2314 | D:3      | Killed Natasha
  2500 | D:4      | Reached skill level 5 in Long Blades
  2824 | D:4      | Found an opulent altar of Gozag.
  2880 | D:4      | You fall into a shaft and drop 2 floors!
  2881 | D:6      | Noticed a black bear
  2888 | D:6      | Banished a black bear
  2889 | D:6      | Reached XP level 6. HP: 17/47 MP: 7/7
  2938 | D:6      | Noticed a water moccasin
  2940 | D:6      | Reached XP level 7. HP: 35/52 MP: 8/8
  2953 | D:6      | Reached ** piety under Nemelex Xobeh
  2998 | D:5      | Entered Level 5 of the Dungeon
  3314 | D:4      | HP: 1/49 [wight/+6 mace (2)]
  3502 | D:4      | HP: 2/45 [wight/+6 mace (8)]
  3505 | D:4      | Mangled by a wight

Illustrated notes

Levels and vault maps discovered:
D:1:      dpeg_arrival_shrine, layout_loops_ring, serial_shops,
          nicolae_shop_just_a_little_nook
D:2:      layout_loops_corners, basic_altar
D:3:      layout_basic, lemuel_doored_altar, uniq_natasha
D:4:      layout_layer_cave, nicolae_gozag_seed_capital, uniq_menkaure
D:5:      layout_rooms, goddamned_bats
D:6:      layout_basic, general_overflow_altar, minmay_temple_entry_stoned_glass

Skill      XL: |  1  2  3  4  5  6  7 |
---------------+----------------------+-----
Long Blades    | 4 5 6 |  6.1
Throwing       | 3 4 |  4.5
Dodging        | 5 6 |  6.6
Invocations    | 1 2 3 |  3.3
Fighting       | 3 |  3.6

Action                     |  1- 3 |  4- 6 |  7- 9 || total
---------------------------+-------+-------+-------++-------
  Melee: Long sword        |   104 |   114 |    41 ||   259
         Punch             |     1 |     3 |     1 ||     5
  Throw: Javelin           |       |    11 |     2 ||    13
         Throwing net      |       |     1 |     1 ||     2
 Invoke: Draw Destruction  |       |     2 |       ||     2
         Draw Escape       |       |     1 |     1 ||     2
         Draw Summoning    |       |     1 |       ||     1
    Use: Scroll            |     3 |     5 |     1 ||     9
         Potion            |       |     1 |       ||     1
   Stab: Sleeping          |     2 |     5 |       ||     7
         Held in net/web   |       |       |     1 ||     1
 Armour: Leather armour    |    32 |    35 |     1 ||    68
         Skin              |       |     2 |       ||     2
  Dodge: Dodged            |    82 |    85 |    22 ||   189
